 Dungeon Crawl Stone Soup version 0.21-a0-474-g05767a10c8 (webtiles) character file.

149 KrozogBurug the Ogre Mage (level 5, -2/45 HPs)
             Began as an Ogre Wizard on Nov 22, 2017.
             Slain by a centaur (9 damage)
             ... on level 5 of the Dungeon.
             The game lasted 00:09:28 (2647 turns).

KrozogBurug the Ogre Mage (Ogre Wizard)             Turns: 2647, Time: 00:09:29

Health: -2/45      AC:  3    Str: 11    XL:     5   Next: 31%
Magic:  5/11       EV:  7    Int: 20    God:
Gold:   201        SH:  7    Dex:  7    Spells: 6/12 levels left

rFire    . . .     SeeInvis .   r - +3 whip (venom)
rCold    . . .     Gourm    .   q - +2 shield
rNeg     . . .     Faith    .   a - +0 robe
rPois    .         Spirit   .   b - +0 hat
rElec    .         Reflect  .   (no cloak)
rCorr    .         Harm     .   (gloves unavailable)
MR       .....                  (boots unavailable)
Stlth    +.........             (no amulet)
HPRegen  0.15/turn              (no ring)
MPRegen  0.12/turn              (no ring)

@: very slightly contaminated
A: unfitting armour, tough skin 1
a: no special abilities


You were on level 5 of the Dungeon.
You were not hungry.

You visited 1 branch of the dungeon, and saw 4 of its levels.

You collected 201 gold pieces.

Inventory:

Hand Weapons
 r - a +3 whip of venom (weapon)
Armour
 a - a +0 robe (worn)
 b - a +0 hat (worn)
 q - a +2 shield (worn)
Scrolls
 e - a scroll of fog {unknown}
 j - a scroll of identify
 p - 2 scrolls of magic mapping
Potions
 g - a potion of flight
 i - a potion of might {unknown}
 m - a potion of cancellation {unknown}
 o - a potion of curing
Books
 c - a book of Minor Magic

   Spells                             Type                      Level
   a - Magic Dart                     Conjuration                  1
   b - Blink                          Translocation                2
   c - Call Imp                       Summoning                    2
   d - Slow                           Hexes                        2
   e - Conjure Flame                  Conjuration/Fire             3
   f - Mephitic Cloud                 Conjuration/Poison/Air       3
Comestibles
 d - 4 bread rations
 f - 2 meat rations
 n - a royal jelly


   Skills:
 + Level 2.2 Maces & Flails
 - Level 1.7 Dodging
 - Level 1.4 Stealth
 - Level 4.1 Spellcasting
 * Level 3.3 Conjurations
   Level 0.8 Summonings
 - Level 0.8 Translocations


You had 6 spell levels left.
You knew the following spells:

 Your Spells              Type           Power        Failure   Level  Hunger
a - Magic Dart            Conj           ###.         22%         1    None
b - Blink                 Tloc           N/A          67%         2    #......
c - Mephitic Cloud        Conj/Pois/Air  #.......     86%         3    ###....


Dungeon Overview and Level Annotations

Branches:
Dungeon (3/15)             Temple (0/1) D:5

Altars:

Annotations:
D:3 Veteran's ghost, amateur DgCj


Innate Abilities, Weirdness & Mutations

You are too large for most types of armour.
You have tough skin. (AC +1)


Message History

Confirm with . or Enter, or press ? or * to list all spells.
Aiming: Magic Dart
Press: ? - help, Shift-Dir - straight line, f/p - centaur
Aim: a centaur (almost dead, poisoned)
The magic dart hits the centaur.
The centaur is almost dead.
The centaur hits you. x2
* * * LOW HITPOINT WARNING * * *
Casting: Magic Dart
Confirm with . or Enter, or press ? or * to list all spells.
Aiming: Magic Dart
Press: ? - help, Shift-Dir - straight line, f/p - centaur
Aim: a centaur (almost dead, poisoned)
The magic dart hits the centaur.
The centaur is almost dead.
The centaur hits you!
* * * LOW HITPOINT WARNING * * *
An orc wizard comes into view. It is wielding a dagger.
You feel better. The centaur hits you!
You die...

#..# .#.. #.###.# #.o#
#.# #.# #..# #.# #)#
#..# .#..(>. #.# #.#
#..# ....... #.# #.#
#..# .#....[
##.###.###..# .......
#...##......# .#.#c#.
#..........@###.......
#...######[.c..†......
##### ##...(......#
#########.##


You could see a centaur and an orc wizard (wandering).

Vanquished Creatures
  3 adders (D:2)
  An ooze (D:3)
  3 worms
  4 dart slugs
  3 leopard geckos
  An orc (D:3)
  4 giant cockroaches
  14 hobgoblins
  6 jackals (D:3)
  8 kobolds
  4 quokkas
  A ball python (D:1)
  8 bats
  5 frilled lizards
  18 goblins
  8 rats
91 creatures vanquished.

Notes
Turn   | Place    | Note
-------+----------+-------------------------------------------
     0 | D:1      | KrozogBurug the Ogre Wizard began the quest for the Orb.
     0 | D:1      | Reached XP level 1. HP: 16/16 MP: 5/5
    22 | D:1      | Reached skill level 1 in Conjurations
   464 | D:1      | Reached XP level 2. HP: 24/24 MP: 3/6
   468 | D:1      | Learned a level 2 spell: Blink
   781 | D:1      | Reached skill level 1 in Maces & Flails
   850 | D:2      | Reached XP level 3. HP: 31/31 MP: 2/8
   957 | D:2      | Reached skill level 4 in Spellcasting
   962 | D:2      | Learned a level 3 spell: Mephitic Cloud
  1014 | D:2      | Reached XP level 4. HP: 12/39 MP: 3/10
  1982 | D:3      | Found a faded altar of an unknown god.
  2075 | D:3      | Reached XP level 5. HP: 36/45 MP: 11/11
  2159 | D:3      | Noticed Veteran's ghost (amateur DgCj)
  2604 | D:3      | You fall through a shaft for 2 floors!
  2604 | D:5      | Entered Level 5 of the Dungeon
  2628 | D:5      | Found a staircase to the Ecumenical Temple.
  2629 | D:5      | Noticed a centaur
  2646 | D:5      | HP: 2/45 [centaur (7)]
  2647 | D:5      | Slain by a centaur

Vault maps used:
D:1:      dpeg_arrival_windows_large_door
D:2:      first_bread, minmay_split_cup_small
D:3:      cheibrodos_greedy_goblins, chequers_ecumenical_altar_island
D:5:      minmay_temple_entry_glass, basic_altar

Skill      XL: |  1  2  3  4 |
---------------+-------------+-----
Conjurations   | 1 2 3 |  3.3
Maces & Flails | 1 2 |  2.2
Spellcasting   | 4 |  4.1
Dodging        | |  1.7
Stealth        | |  1.4
Summonings     | |  0.8
Translocations | |  0.8

Action                   |  1- 3 |  4- 6 || total
-------------------------+-------+-------++-------
Melee: Unarmed           |    14 |       ||    14
       Whip              |    29 |    98 ||   127
       Dagger            |    28 |    28 ||    56
 Cast: Magic Dart        |    49 |    21 ||    70
  Use: Scroll            |       |     6 ||     6
       Potion            |       |     1 ||     1
 Stab: Sleeping          |     1 |     3 ||     4
  Eat: Chunk             |       |     6 ||     6
Armor: Robe              |    25 |    20 ||    45
Dodge: Dodged            |    40 |    39 ||    79
Block: Shield            |       |    30 ||    30

Table legend:
 A = Spawn XP
 B = Non-spawn XP
 C = Spawn XP percentage of total XP
 D = Spawn monster count
 E = Non-spawn monster count
 F = Spawn count percentage of total count
 G = Total turns spent on level
                    A         B        C        D         E        F      G
               +---------+---------+-------+---------+---------+-------+---------
         Total |       0 |     214 |   0.0 |       0 |      91 |   0.0 |  2647
               +---------+---------+-------+---------+---------+-------+---------
           D:1 |       0 |      33 |   0.0 |       0 |      23 |   0.0 |   900
           D:2 |       0 |      96 |   0.0 |       0 |      27 |   0.0 |   890
           D:3 |       0 |      83 |   0.0 |       0 |      40 |   0.0 |   814
           D:5 |       0 |       2 |   0.0 |       0 |       1 |   0.0 |    43
               +---------+---------+-------+---------+---------+-------+---------
